 Dungeon Crawl Stone Soup version 0.19-a0-687-g35db334 (webtiles) character file.

312 tes3 the Skirmisher (level 6, 0/48 HPs)
             Began as a Demonspawn Monk on June 18, 2016.
             Succumbed to an orc's poison
             ... on level 3 of the Dungeon.
             The game lasted 00:07:10 (2985 turns).

tes3 the Skirmisher (Demonspawn Monk)               Turns: 2985, Time: 00:07:10

Health: 0/48       AC:  8    Str: 13    XL:     6   Next: 18%
Magic:  6/6        EV: 12    Int: 12    God:
Gold:   178        SH:  0    Dex: 15    Spells: 0 memorised, 5 levels left

rFire  . . .     SeeInvis .     d - +0 scythe (vamp)
rCold  + . .     Gourm    .     k - +2 ring mail {rC+}
rNeg   . . .     Faith    .     (shield currently unavailable)
rPois  .         Spirit   .     (helmet restricted)
rElec  .         Dismiss  .     (no cloak)
rCorr  .         Reflect  .     (no gloves)
SustAt +         Harm     +     e - +0 pair of boots
MR     .....                    f - amulet of harm
Stlth  +.........               o - ring of flight
                                g - ring of sustain attributes

@: lethally poisoned (0 -> -9), exhausted, slowed, very slow, not resistant to
hostile enchantments, very unstealthy
A: antennae 2, spiny 1
a: Evoke Flight


You were on level 3 of the Dungeon.
You were not hungry.

You visited 1 branch of the dungeon, and saw 3 of its levels.

You collected 178 gold pieces.

Inventory:

Hand Weapons
 a - a +0 falchion
 d - a +0 vampiric scythe (weapon)
Armour
 b - a +0 robe
 e - a +0 pair of boots (worn)
 k - a +2 ring mail of cold resistance (worn)
Jewellery
 f - an amulet of harm (around neck)
 g - a ring of sustain attributes (left hand)
 m - an uncursed ring of teleportation
 o - a ring of flight (right hand)
Wands
 n - a wand of flame (31/48)
Scrolls
 h - a scroll of identify
 j - 2 scrolls of teleportation {unknown}
Potions
 i - a potion of berserk rage
Comestibles
 c - a bread ration
 l - a slice of pizza


   Skills:
 + Level 4.0 Fighting
 - Level 3.9 Long Blades
 * Level 1.0 Polearms
 + Level 2.0 Armour
 + Level 4.0 Dodging
 - Level 2.3 Stealth


You had 5 spell levels left.
You didn't know any spells.

Dungeon Overview and Level Annotations

Branches:
Dungeon (3/15)

Altars:
Ashenzari
Dithmenos
Fedhas
Gozag


Innate Abilities, Weirdness & Mutations

You have a pair of antennae on your head.
You are partially covered in sharp spines.


Message History

* * * LOW HITPOINT WARNING * * *
You feel sick.
* * * LOW HITPOINT WARNING * * *
You feel sick.
Things that are here:
a trident; a hunting sling You feel a strong urge to attack something.
You are no longer berserk.
You are exhausted.
You feel yourself slow down.
* * * LOW HITPOINT WARNING * * *
You feel sick.
Eat which item? (? for menu, Esc to quit)
Okay, then.
Okay, then.
* * * LOW HITPOINT WARNING * * *
You feel sick.
Things that are here:
a trident; a hunting sling You die...

...##.#.# ..8##.#.# 8#
#.#.## ### #....# # ...
###..# #.. #.# #..#
#...##### #.# #..#
....?...#####.######..#
#.......)@............#
##..###.##)..........##
#.##†#..########
...#.#.## ......#.#
.#...###.# #.##.## #.#
. ..# #.# ## .#


There were no monsters in sight!

Vanquished Creatures
  Sigmund (D:2)
  Natasha (twice) (D:2)
  3 adders (D:2)
  2 oozes
  4 dart slugs
  2 giant geckos
  7 orcs (D:3)
  2 ball pythons
  8 giant cockroaches
  7 hobgoblins
  9 bats
  4 giant newts
  6 goblins
  6 kobolds
  4 rats
67 creatures vanquished.

Notes
Turn   | Place    | Note
--------------------------------------------------------------
     0 | D:1      | tes3 the Demonspawn Monk began the quest for the Orb.
     0 | D:1      | Reached XP level 1. HP: 18/18 MP: 1/1
   278 | D:1      | Gained mutation: You have a pair of small antennae on your head. [demonic ancestry]
   278 | D:1      | Reached XP level 2. HP: 21/24 MP: 2/2
  1071 | D:1      | Gained mutation: You are partially covered in sharp spines. [demonic ancestry]
  1071 | D:1      | Reached XP level 3. HP: 29/29 MP: 3/3
  1404 | D:2      | Noticed Natasha
  1418 | D:2      | Killed Natasha
  1418 | D:2      | Gained mutation: You have a pair of antennae on your head. [demonic ancestry]
  1418 | D:2      | Reached XP level 4. HP: 15/36 MP: 4/4
  1672 | D:2      | Noticed Sigmund
  1696 | D:2      | Killed Sigmund
  1696 | D:2      | Reached skill level 1 in Armour
  1696 | D:2      | Reached XP level 5. HP: 17/42 MP: 5/5
  1876 | D:2      | Noticed Natasha
  1885 | D:2      | Killed Natasha
  2274 | D:2      | Found an opulent altar of Gozag.
  2542 | D:2      | Reached XP level 6. HP: 48/48 MP: 6/6
  2695 | D:3      | Found a faded altar of an unknown god.
  2734 | D:3      | Found a shadowy altar of Dithmenos.
  2792 | D:3      | Found a shattered altar of Ashenzari.
  2844 | D:3      | Found a blossoming altar of Fedhas.
  2981 | D:3      | Reached skill level 1 in Polearms
  2984 | D:3      | HP: 1/48 [poisoned by an orc]
  2985 | D:3      | Succumbed to an orc's poison

Vault maps used:
D:1:      sevenhm_arrival_forest_fort_large_2
D:2:      overflow_temple_1_default, uniq_sigmund, uniq_natasha
D:3:      nicolae_overflow_hidden_temple, overflow_temple_1_default,
          lemuel_coloured_pillars_altar, old_standard_altar,
          evilmike_ruin_ashenzari, ecumenical_altar_2

Skill      XL: |  1  2  3  4  5  6 |
---------------+-------------------+-----
Long Blades    | 3 |  3.9
Dodging        | 3 4 |  4.0
Armour         | 1 2 |  2.0
Stealth        | 2 |  2.3
Fighting       | 4 |  4.0
Polearms       | 1 |  1.0

Action                   |  1- 3 |  4- 6 || total
-------------------------+-------+-------++-------
Melee: Falchion          |    83 |    11 ||    94
       Scythe            |       |    65 ||    65
  Use: Potion            |     2 |     1 ||     3
       Scroll            |       |     8 ||     8
 Stab: Sleeping          |     3 |     1 ||     4
       Distracted        |       |     1 ||     1
  Eat: Chunk             |       |     3 ||     3
       Bread ration      |       |     2 ||     2
Armor: Robe              |     7 |       ||     7
       Ring mail         |    14 |    19 ||    33
Dodge: Dodged            |    50 |    58 ||   108
